 Dungeon Crawl Stone Soup version 0.21-a0-426-g98080a9 (webtiles) character file.

83836 kae the Geomancer (level 15, -33/92 HPs)
             Began as a Gargoyle Earth Elementalist on Nov 6, 2017.
             Was a High Priest of Vehumet.
             Killed from afar by a frost giant (52 damage)
             ... with a bolt of cold
             ... on level 13 of the Dungeon.
             The game lasted 00:53:56 (36707 turns).

kae the Geomancer (Gargoyle Earth Elementalist)    Turns: 36707, Time: 00:53:57

Health: -33/92     AC: 24    Str: 12    XL:     15   Next: 78%
Magic:  0/31       EV: 15    Int: 24    God:    Vehumet [*****.]
Gold:   893        SH:  0    Dex: 10    Spells: 18/38 levels left

rFire    . . .     SeeInvis +   L - staff of earth (curse)
rCold    . . .     Gourm    .   (no shield)
rNeg     + + .     Faith    .   p - +1 robe {MR+}
rPois    ∞         Spirit   +   O - +3 crown of Dyrovepreva {rElec Int+2 SInv}
rElec    +         Reflect  .   P - +0 cloak {MR+}
rCorr    .         Harm     .   l - +1 pair of gloves
MR       +++..                  B - +1 pair of boots {Stlth+}
Stlth    ++........             K - amulet of guardian spirit
HPRegen  0.25/turn              H - ring of positive energy
MPRegen  0.22/turn              f - ring of poison resistance (curse)

@: flying
A: big wings, negative energy resistance 1, electricity resistance, unbreathing,
petrification resistance, rot immunity, AC +11
a: Stop Flying, Renounce Religion


You were on level 13 of the Dungeon.
You worshipped Vehumet.
Vehumet was extremely pleased with you.
You were near starving.

You visited 4 branches of the dungeon, and saw 22 of its levels.
You also visited: Labyrinth and Sewer.

You collected 2601 gold pieces.
You spent 1708 gold pieces at shops.

Inventory:

Hand Weapons
 F - a +8 whip of flaming
Missiles
 b - 56 stones (quivered)
Armour
 l - a +1 pair of gloves (worn)
 p - a +1 robe of magic resistance (worn)
 B - a +1 pair of boots of stealth (worn)
 O - the +3 crown of Dyrovepreva (worn) {rElec Int+2 SInv}
   (You bought it in a shop on level 2 of the Orcish Mines)

   It affects your intelligence (+2).
   It insulates you from electricity.
   It lets you see invisible.
 P - a +0 cloak of magic resistance (worn)
Magical Staves
 L - a cursed staff of earth (weapon)
Jewellery
 f - a cursed ring of poison resistance (right hand)
 H - a ring of positive energy (left hand)
 J - an uncursed amulet of faith
 K - an amulet of guardian spirit (around neck)
Wands
 a - a wand of lightning (6/15)
 i - a wand of lightning (10/15)
 q - a wand of flame (33/48)
 w - a wand of scattershot (4/9)
 C - a wand of polymorph (13/24)
 D - a wand of lightning (6/15)
Scrolls
 g - 7 scrolls of magic mapping
 h - 11 scrolls of remove curse
 k - a scroll of fear
 m - 2 scrolls of enchant armour
 s - 4 scrolls of fog
 y - 3 scrolls of recharging
 z - a scroll of blinking
 E - 4 scrolls of identify
 I - 10 scrolls of teleportation
 N - a scroll of amnesia
 Q - a scroll of immolation
Potions
 c - a potion of haste
 j - 2 potions of might
 o - 8 potions of curing
 r - 2 potions of heal wounds
 t - 3 potions of agility
 u - a potion of invisibility
 x - 3 potions of magic
 G - 4 potions of brilliance
Books
 e - a book of Geomancy

   Spells                             Type                      Level
   a - Sandblast                      Earth                        1
   b - Passwall                       Transmutation/Earth          2
   c - Stone Arrow                    Conjuration/Earth            3
   d - Petrify                        Transmutation/Earth          4
   e - Lee's Rapid Deconstruction     Earth                        5
 A - a book of Party Tricks

   Spells                             Type                      Level
   a - Summon Butterflies             Summoning                    1
   b - Apportation                    Translocation                1
   c - Lesser Beckoning               Translocation                3
   d - Tukima's Dance                 Hexes                        3
   e - Alistair's Intoxication        Transmutation/Poison         5
   f - Invisibility                   Hexes                        6
Comestibles
 d - 16 bread rations
 n - 11 meat rations
 v - 25 fruits


   Skills:
 + Level 10.0 Fighting
 - Level 9.7(10.0) Maces & Flails
 * Level 3.3(7.0) Staves
 + Level 10.1 Armour
 + Level 8.1 Dodging
 - Level 2.1 Stealth
 * Level 12.0 Spellcasting
 + Level 11.9 Conjurations
   Level 0.7 Transmutations
 + Level 13.3 Earth Magic
 * Level 3.1 Evocations


You had 18 spell levels left.
You knew the following spells:

 Your Spells              Type           Power        Failure   Level  Hunger
a - Sandblast             Erth           ######       0%          1    None
b - Stone Arrow           Conj/Erth      ######       1%          3    None
c - Lee's Rapid Deconstr  Erth           #######...   1%          5    ###....
d - Bolt of Magma         Conj/Fire/Erth ######....   1%          5    ###....
e - Bolt of Fire          Conj/Fire      #####.....   16%         6    #####..


Dungeon Overview and Level Annotations

Branches:
Dungeon (13/15)            Temple (1/1) D:4            Lair (6/6) D:9
 Shoals (0/4) Lair:3       Spider (0/4) Lair:4        Slime (0/5) Lair:6
    Orc (2/2) D:10            Elf (0/3) Orc:2
 Vaults: D:13-14

Altars:
Ashenzari
Cheibriados
Dithmenos
Elyvilon
Fedhas
Gozag
Hepliaklqana
Kikubaaqudgha
Makhleb
Nemelex Xobeh
Okawaru
Qazlal
Ru
Sif Muna
Trog
Uskayaw
Vehumet
Wu Jian
Xom
Yredelemnul
Zin
The Shining One
Beogh

Shops:
D:11 ?   D:13 ?   Orc:1 (   Orc:2 *[[![

Annotations:
D:3 2 transporters, zorance's ghost, amateur DrSk
D:4 Edmund
Lair:4 Nessos
Lair:6 2 runed doors


Innate Abilities, Weirdness & Mutations

You are resistant to torment.
Your stone body is resilient. (AC +11)
You are immune to poison.
Your large and strong wings let you fly indefinitely.
You resist negative energy. (rN+)
You are resistant to electric shocks. (rElec)
You can survive without breathing.
You are immune to petrification.
You are immune to rotting.


Message History

Casting: Bolt of Fire
Confirm with . or Enter, or press ? or * to list all spells.
Aiming: Sandblast
Press: ? - help, Shift-Dir - straight line, f/p - frost giant
Aim: a frost giant, wielding a battleaxe of freezing (moderately wounded)
You feel a surge of power!
The blast of sand hits the frost giant.
The frost giant is heavily wounded.
b - 56 stones You feel yourself speed up.
The frost giant points at you and mumbles some strange words.
The bolt of cold hits you!
The frost giant hits you with a battleaxe of freezing!!
* * * LOW HITPOINT WARNING * * *
The frost giant freezes you.
* * * LOW HITPOINT WARNING * * *
Okay, then.
The frost giant casts a spell at you. The bolt of cold hits you!
Ouch! That really hurt!
You die...

#.......#####.###.##
#.##...#.#......##.##
#. ##...##.##.#.###.#
#.####.###.##.#.##...
#......# #.##........
######.# #.###..##[.#
###(###(.....##..#
#..).((.....###...
#@########### #.##
#.# #... #C# #### #l#
# #e# # #D# # #D# ##


hyC #. D#H #. You could see a storm dragon, a frost giant, an eight-headed
hydra, a cyclops, a deep elf mage, a basilisk, a hornet and a black bear.

Vanquished Creatures
  A very ugly thing (D:13)
  An ogre mage (Orc:2)
  Josephine (Lair:4)
  A vault guard (D:13)
  11 hydras
  A catoblepas (D:13)
  4 centaur warriors (D:13)
  9 death yaks
  12 two-headed ogres
  2 tengu warriors
  10 orc high priests
  The ghost of Autsider the Geomancer, a novice GrEE of Vehumet (D:8)
  A fire crab (Lair:6)
  An unseen horror (D:11)
  4 orc knights (Orc:1)
  4 lindwurms (Lair:3)
  Pikel (D:7)
  A deep elf mage (D:12)
  The ghost of arkorax the Chopper, a novice DsFi of Makhleb (D:6)
  5 ugly things
  4 cyclopes
  An oklob plant (Lair:4)
  2 manticores
  3 orc sorcerers
  A salamander (shapeshifter) (D:12)
  4 elephants (Lair:6)
  Maurice (D:11)
  Psyche (D:11)
  4 black mambas
  Joseph (D:7)
  6 spiny frogs
  2 molten gargoyles (Lair:6)
  3 rime drakes
  3 komodo dragons
  9 trolls
  A polar bear (Lair:3)
  A snapping turtle (Lair:3)
  12 blink frogs
  6 hippogriffs
  7 wraiths
  26 yaks
  9 basilisks
  2 wyverns
  4 steam dragons
  A hungry ghost (D:11)
  A fire elemental (Lair:5)
  3 vampire mosquitoes (D:12)
  Menkaure (D:6)
  12 wargs
  12 water moccasins
  15 porcupines
  4 hell hounds (Lair:6)
  7 ice beasts
  16 orc warriors
  4 sky beasts
  2 black bears
  10 ogres
  5 wolves (Lair:6)
  A phantom (D:7)
  7 centaurs
  5 crocodiles
  5 big kobolds
  14 bullfrogs
  2 wyvern zombies
  5 scorpions
  Dowan (D:7)
  10 killer bees
  4 wights
  A howler monkey (D:13)
  5 crimson imps
  5 lava snakes (Lair:6)
  3 bullfrog zombies
  5 hounds
  3 jellies
  5 centaur zombies
  Crazy Yiuf (D:6)
  A gnoll shaman (D:8)
  37 orc priests
  A bullfrog skeleton (D:9)
  3 centaur skeletons
  Ijyb (D:3)
  2 iguanas
  21 orc wizards
  6 worker ants
  A hound zombie (D:5)
  A worker ant zombie (D:11)
  9 gnolls
  A river rat (Sewer)
  14 adders
  An ooze (D:1)
  An adder skeleton (D:7)
  An adder zombie (D:9)
  7 worms
  2 dart slugs
  6 leopard geckos
  118 orcs
  6 bats
  10 giant cockroaches
  7 goblins
  12 hobgoblins
  5 jackals
  5 quokkas
  16 ball pythons
  6 frilled lizards
  32 kobolds
  31 rats
724 creatures vanquished.

Vanquished Creatures (others)
  Duvessa (D:7)
  2 bushes (Lair:6)
  10 fungi
  15 plants
28 creatures vanquished.

Grand Total: 752 creatures vanquished

Notes
Turn   | Place    | Note
-------+----------+-------------------------------------------
     0 | D:1      | kae the Gargoyle Earth Elementalist began the quest for the Orb.
     0 | D:1      | Reached XP level 1. HP: 10/10 MP: 3/3
   417 | D:1      | Reached XP level 2. HP: 15/15 MP: 3/5
   465 | D:1      | Reached skill level 4 in Earth Magic
  1224 | D:1      | Reached XP level 3. HP: 18/19 MP: 7/7
  1243 | D:1      | Learned a level 3 spell: Stone Arrow
  2004 | D:2      | Reached skill level 1 in Conjurations
  2004 | D:2      | Reached XP level 4. HP: 20/24 MP: 8/8
  2182 | D:2      | Reached skill level 1 in Armour
  2358 | D:3      | Found a faded altar of an unknown god.
  2364 | D:3      | Noticed zorance's ghost (amateur DrSk)
  2582 | D:3      | Found a transporter.
  2690 | D:3      | Noticed Ijyb
  2691 | D:3      | Found a transporter.
  2702 | D:3      | Killed Ijyb
  2702 | D:3      | Reached skill level 1 in Fighting
  2702 | D:3      | Reached XP level 5. HP: 18/29 MP: 2/9
  2766 | D:3      | Found a snail-covered altar of Cheibriados.
  3200 | D:4      | Found a staircase to the Ecumenical Temple.
  3242 | Temple   | Entered the Ecumenical Temple
  3599 | D:4      | Reached skill level 5 in Earth Magic
  3715 | D:4      | Noticed Edmund
  3772 | D:5      | Entered Level 5 of the Dungeon
  3806 | D:5      | Reached XP level 6. HP: 10/34 MP: 0/11
  4952 | D:5      | Reached XP level 7. HP: 19/40 MP: 1/12
  5571 | D:6      | Reached skill level 6 in Earth Magic
  5652 | D:6      | Found a glowing drain.
  5693 | Sewer    | Entered a sewer
  6310 | Sewer    | Reached XP level 8. HP: 36/45 MP: 14/14
  6484 | D:6      | Noticed Menkaure
  6496 | D:6      | Killed Menkaure
  6787 | D:6      | Reached skill level 7 in Earth Magic
  6893 | D:6      | Noticed arkorax's ghost (novice DsFi)
  6932 | D:6      | Reached skill level 5 in Conjurations
  6983 | D:6      | HP: 1/46 [arkorax's ghost (13)]
  7352 | D:6      | Reached skill level 5 in Spellcasting
  7504 | D:6      | Found a runed door.
  7708 | D:6      | Killed arkorax's ghost
  7708 | D:6      | Reached XP level 9. HP: 21/52 MP: 2/17
  8277 | D:6      | Noticed Crazy Yiuf
  8279 | D:6      | Killed Crazy Yiuf
  8347 | D:7      | Found a deep blue altar of Sif Muna.
  8487 | D:7      | Reached skill level 8 in Earth Magic
  9133 | D:7      | Noticed Duvessa
  9133 | D:7      | Noticed Dowan
  9134 | D:7      | Noticed a two-headed ogre
  9155 | D:7      | Killed Dowan
  9214 | D:7      | Killed a two-headed ogre
  9216 | D:7      | Noticed Pikel
  9324 | D:7      | Killed Pikel
  9324 | D:7      | Reached skill level 9 in Earth Magic
  9324 | D:7      | Reached XP level 10. HP: 49/58 MP: 11/19
  9363 | D:7      | Killed Duvessa
  9605 | D:7      | Noticed Joseph
  9623 | D:7      | Killed Joseph
  9623 | D:7      | Reached skill level 5 in Armour
 10195 | D:8      | Reached skill level 5 in Fighting
 10204 | D:8      | Noticed Autsider's ghost (novice GrEE)
 10873 | D:8      | Killed Autsider's ghost
 11104 | D:8      | Found a shimmering altar of Xom.
 11475 | D:9      | Reached skill level 10 in Earth Magic
 11554 | D:9      | Noticed a two-headed ogre
 11567 | D:9      | Noticed a two-headed ogre
 11572 | D:9      | Killed a two-headed ogre
 11572 | D:9      | Reached skill level 1 in Maces & Flails
 11572 | D:9      | Reached XP level 11. HP: 63/64 MP: 11/22
 11577 | D:9      | Killed a two-headed ogre
 11598 | D:9      | Reached skill level 5 in Dodging
 11859 | D:9      | Found a radiant altar of Vehumet.
 11862 | D:9      | Found a glowing silver altar of Zin.
 11875 | D:9      | Became a worshipper of Vehumet
 11881 | D:9      | Found an ancient bone altar of Kikubaaqudgha.
 11884 | D:9      | Found a burning altar of Makhleb.
 12152 | D:9      | Found a staircase to the Lair.
 12671 | Lair:1   | Entered Level 1 of the Lair of Beasts
 13131 | Lair:1   | Noticed an eight-headed hydra
 13970 | Lair:1   | Learned a level 5 spell: Lee's Rapid Deconstruction
 14130 | Lair:2   | Reached skill level 11 in Earth Magic
 14545 | Lair:2   | You fall through a shaft for 2 floors!
 14545 | Lair:4   | Noticed an oklob plant
 14573 | Lair:3   | Reached XP level 12. HP: 53/71 MP: 9/24
 14707 | Lair:3   | You fall through a shaft for 3 floors!
 14707 | Lair:6   | Entered Level 6 of the Lair of Beasts
 14801 | Lair:6   | Found a labyrinth entrance.
 14810 | Lab      | Entered a labyrinth
 15475 | Lab      | Noticed a minotaur
 15650 | Lair:6   | Reached * piety under Vehumet
 15650 | Lair:6   | Offered knowledge of Magic Dart by Vehumet.
 15653 | Lair:6   | Noticed an eight-headed hydra
 15663 | Lair:6   | Killed an eight-headed hydra
 15940 | Lair:6   | Found a staircase to the Slime Pits.
 15947 | Lair:5   | Noticed a five-headed hydra
 15962 | Lair:5   | Killed a five-headed hydra
 16264 | Lair:5   | Noticed a seven-headed hydra
 16271 | Lair:5   | Killed a seven-headed hydra
 16459 | Lair:4   | Noticed Nessos
 16536 | Lair:4   | Found a hole to the Spider Nest.
 16752 | Lair:4   | Reached skill level 5 in Maces & Flails
 17056 | Lair:4   | Reached skill level 10 in Conjurations
 17396 | Lair:3   | Offered knowledge of Flame Tongue by Vehumet.
 18556 | Lair:3   | Found a staircase to the Shoals.
 18703 | Lair:3   | Reached ** piety under Vehumet
 19250 | Lair:5   | Noticed Josephine
 19262 | Lair:4   | Reached XP level 13. HP: 52/77 MP: 2/26
 19266 | Lair:4   | Killed Josephine
 20954 | Lair:6   | Reached skill level 10 in Spellcasting
 21329 | Lair:5   | Reached skill level 12 in Earth Magic
 21654 | Lair:5   | Offered knowledge of Throw Flame by Vehumet.
 22721 | Lair:6   | Reached *** piety under Vehumet
 23564 | Lair:5   | Gained mutation: Your large and strong wings let you fly indefinitely. [Gargoyle growth]
 23564 | Lair:5   | Reached XP level 14. HP: 55/84 MP: 7/28
 24530 | Lair:6   | Found a large runed door.
 24530 | Lair:6   | Found a large runed door.
 24599 | Lair:6   | Offered knowledge of Olgreb's Toxic Radiance by Vehumet.
 25535 | D:10     | Entered Level 10 of the Dungeon
 25535 | D:10     | Found a staircase to the Orcish Mines.
 26153 | D:10     | Reached **** piety under Vehumet
 26171 | D:10     | Offered knowledge of Bolt of Magma by Vehumet.
 26252 | D:10     | Learned a level 5 spell: Bolt of Magma
 26620 | D:11     | Noticed Psyche
 26632 | D:11     | Killed Psyche
 26760 | D:11     | Noticed Maurice
 26771 | D:11     | Killed Maurice
 26946 | D:11     | Found Hajijad's Magic Scroll Shoppe.
 28032 | Orc:1    | Entered Level 1 of the Orcish Mines
 28130 | Orc:1    | Found Muox's Antique Weapon Shop.
 28420 | Orc:1    | Reached ***** piety under Vehumet
 28676 | Orc:1    | Offered knowledge of Conjure Ball Lightning by Vehumet.
 28967 | Orc:2    | Entered Level 2 of the Orcish Mines
 29764 | Orc:2    | Found Tyfoij's Antique Armour Boutique.
 30651 | Orc:2    | Bought a pair of runed boots for 217 gold pieces
 30651 | Orc:2    | Bought an embroidered hat for 203 gold pieces
 30970 | Orc:2    | HP: 4/86 [orc knight/enchanted war axe (17)]
 32251 | Orc:2    | Reached XP level 15. HP: 46/91 MP: 10/30
 32524 | Orc:2    | Reached skill level 13 in Earth Magic
 33038 | Orc:2    | Found a roughly hewn altar of Beogh.
 33124 | Orc:2    | Found Amiudwam's Armour Boutique.
 33124 | Orc:2    | Found Piuv's Assorted Antiques.
 33134 | Orc:2    | Bought a scroll labeled COISAJ YG LIY for 27 gold pieces
 33134 | Orc:2    | Bought a short smoking staff for 324 gold pieces
 33194 | Orc:2    | Found a staircase to the Elven Halls.
 33356 | Orc:2    | Found Vouvud's Armour Boutique.
 33356 | Orc:2    | Found Diurhem's Distillery.
 33361 | Orc:2    | Bought the +3 crown of Dyrovepreva {rElec Int+2 SInv} for 579 gold pieces
 33361 | Orc:2    | Found the +3 crown of Dyrovepreva {rElec Int+2 SInv}
 33361 | Orc:2    | Bought a +0 cloak of magic resistance for 161 gold pieces
 33393 | Orc:2    | Bought a potion of heal wounds for 80 gold pieces
 33989 | D:12     | Reached skill level 1 in Staves
 34219 | D:12     | Reached skill level 1 in Evocations
 35150 | D:12     | Offered knowledge of Bolt of Fire by Vehumet.
 35237 | D:12     | Learned a level 6 spell: Bolt of Fire
 35504 | D:13     | Found Sauffexe's Magic Scroll Shop.
 35775 | D:13     | Reached skill level 10 in Armour
 36081 | D:13     | Bought a scroll of teleportation for 54 gold pieces
 36081 | D:13     | Bought a scroll of immolation for 63 gold pieces
 36157 | D:13     | Reached skill level 10 in Fighting
 36505 | D:13     | Found a blossoming altar of Fedhas.
 36694 | D:13     | Noticed a frost giant
 36698 | D:13     | Noticed a storm dragon
 36707 | D:13     | Killed from afar by a frost giant

Vault maps used:
D:1:      dpeg_arrival_morbid_curiosity
D:3:      gammafunk_steamed_eel, overflow_temple_1_default,
          chequers_ecumenical_altar_island, minmay_misc_feat_hallway, uniq_ijyb
D:4:      minmay_temple_entry_junction, uniq_edmund
D:5:      first_bread
D:6:      gup_sewer_entry_pipe, uniq_menkaure, uniq_crazy_yiuf_cottage
D:7:      led_sif_book, uniq_pikel, uniq_joseph, uniq_duvessa
D:8:      basic_altar
D:9:      grunt_temple_overflow_cloverleaf, minmay_lair_entry_grove
D:10:     orc_0_dummy, special_room, minmay_misc_feat_five
D:11:     serial_shops, shop, grunt_tengu_nest, uniq_maurice, uniq_psyche
D:12:     minmay_the_grid_triangle_9x9_rhombus_thin_mashed
D:13:     minmay_guarded_unrand_guard, david_vaults_5, serial_shops,
          nicolae_shop_behind_doors, fedhas_altar_2
Temple:   nicolae_temple_elliptical
Lair:1:   cheibrodos_lair_river_kwai, grunt_megastairs_1, lemuel_fruit_fields
Lair:2:   grunt_megastairs_5, serial_bayou_shore_a
Lair:3:   minmay_shoals_entry_hut, minmay_lindwurm_lava, lemuel_fruit_tree
Lair:4:   nicolae_spider_entry_non_spiders, grunt_forest_small_clearings,
          uniq_nessos
Lair:5:   uniq_josephine
Lair:6:   cheibrodos_lair_end_hotspot, slime_dummy, lab_entry_generic,
          nicolae_quartered_pool_super, minivault_19
Orc:1:    cheibrodos_orc_bank, serial_shops, nicolae_shop_trees
Orc:2:    st_orc_town, guppyfry_orc_lava_fort
Lab:      nicolae_lab_dead_adventurers
Sewer:    sewer_minmay_w

Skill      XL: |  1  2  3  4  5  6  7  8  9 10 11 12 13 14 15 |
---------------+----------------------------------------------+-----
Earth Magic    | 4 5 6 7 9 10 11 12 13 | 13.3
Conjurations   | 1 2 3 4 5 7 8 9 10 11 | 11.9
Spellcasting   | 3 4 5 6 7 8 9 10 11 12 | 12.0
Armour         | 1 2 3 4 5 6 7 8 9 10 | 10.1
Fighting       | 1 2 3 4 5 6 7 8 9 10 | 10.0
Dodging        | 2 3 4 5 6 7 8 |  8.1
Maces & Flails | 1 3 5 7 9 |  9.7
Staves         | 3 |  3.3
Evocations     | 3 |  3.1
Stealth        | |  2.1
Transmutations | |  0.7

Action                   |  1- 3 |  4- 6 |  7- 9 | 10-12 | 13-15 || total
-------------------------+-------+-------+-------+-------+-------++-------
Melee: Unarmed           |    17 |       |       |       |       ||    17
       Mace              |   105 |   193 |   242 |    99 |       ||   639
       Whip              |       |       |       |   232 |   592 ||   824
       Staff             |       |       |       |       |   265 ||   265
 Cast: Sandblast         |     7 |    21 |    51 |   141 |   316 ||   536
       Stone Arrow       |     1 |    12 |    66 |   178 |   441 ||   698
       Lee's Rapid Decon |       |       |       |    13 |    27 ||    40
       Bolt of Magma     |       |       |       |       |    17 ||    17
       Bolt of Fire      |       |       |       |       |     2 ||     2
 Abil: Fly               |       |       |       |       |     1 ||     1
  Use: Scroll            |       |    13 |     9 |    13 |     6 ||    41
       Potion            |       |     2 |     5 |    10 |     1 ||    18
 Stab: Sleeping          |     2 |     7 |     1 |     5 |     5 ||    20
       Distracted        |       |       |       |     1 |       ||     1
  Eat: Chunk             |     4 |     9 |    12 |    25 |    43 ||    93
       Meat ration       |       |       |     1 |       |     2 ||     3
       Royal jelly       |       |       |     1 |     2 |       ||     3
       Fruit             |       |       |       |     1 |    10 ||    11
       Bread ration      |       |       |       |     1 |       ||     1
Armor: Robe              |    54 |   126 |   215 |   263 |   586 ||  1244
       Skin              |       |    23 |       |       |       ||    23
Dodge: Dodged            |   129 |   150 |   346 |   384 |   857 ||  1866

Table legend:
 A = Spawn XP
 B = Non-spawn XP
 C = Spawn XP percentage of total XP
 D = Spawn monster count
 E = Non-spawn monster count
 F = Spawn count percentage of total count
 G = Total turns spent on level
                    A         B        C        D         E        F      G
               +---------+---------+-------+---------+---------+-------+---------
         Total |       0 |  119767 |   0.0 |       0 |     725 |   0.0 | 36707
               +---------+---------+-------+---------+---------+-------+---------
           D:1 |       0 |      38 |   0.0 |       0 |      19 |   0.0 |  1621
           D:2 |       0 |     118 |   0.0 |       0 |      23 |   0.0 |   803
           D:3 |       0 |      45 |   0.0 |       0 |       6 |   0.0 |   706
           D:4 |       0 |     224 |   0.0 |       0 |      13 |   0.0 |   953
           D:5 |       0 |     333 |   0.0 |       0 |      15 |   0.0 |  1645
           D:6 |       0 |    1979 |   0.0 |       0 |      26 |   0.0 |  1778
           D:7 |       0 |    3198 |   0.0 |       0 |      46 |   0.0 |  2251
           D:8 |       0 |    1919 |   0.0 |       0 |      18 |   0.0 |   733
           D:9 |       0 |    4733 |   0.0 |       0 |      38 |   0.0 |  1309
          D:10 |       0 |    1974 |   0.0 |       0 |      38 |   0.0 |  1132
          D:11 |       0 |    6953 |   0.0 |       0 |      42 |   0.0 |  1425
          D:12 |       0 |   10212 |   0.0 |       0 |      37 |   0.0 |  1888
          D:13 |       0 |   14614 |   0.0 |       0 |      45 |   0.0 |  1238
        Lair:1 |       0 |    4505 |   0.0 |       0 |      17 |   0.0 |  1704
        Lair:2 |       0 |    1854 |   0.0 |       0 |       7 |   0.0 |  1117
        Lair:3 |       0 |    4691 |   0.0 |       0 |      12 |   0.0 |  1150
        Lair:4 |       0 |    4299 |   0.0 |       0 |      26 |   0.0 |  1515
        Lair:5 |       0 |   10570 |   0.0 |       0 |      20 |   0.0 |  2704
        Lair:6 |       0 |   20451 |   0.0 |       0 |      62 |   0.0 |  3952
         Orc:1 |       0 |    7501 |   0.0 |       0 |      55 |   0.0 |  2850
         Orc:2 |       0 |   19309 |   0.0 |       0 |     115 |   0.0 |  2639
         Sewer |       0 |     247 |   0.0 |       0 |      45 |   0.0 |   747
               +---------+---------+-------+---------+---------+-------+---------
